 Dungeon Crawl Stone Soup version 0.27-a0-170-g607d9e9d85 (webtiles) character file.

Game seed: 7626949853437459323

1280 hehateme the Conjurer (level 8, -2/61 HPs)
             Began as a Demonspawn Fire Elementalist on Jan 29, 2021.
             Slain by a tentacled starspawn (36 damage)
             ... on level 1 of the Abyss.
             The game lasted 00:21:54 (8488 turns).

hehateme the Conjurer (DsFE)                        Turns: 8488, Time: 00:21:55

Health: -2/61      AC:  6    Str: 11    XL:     8   Next: 29%
Magic:  14/14      EV: 15    Int: 17    God:
Gold:   256        SH:  4    Dex: 15    Spells: 15/16 levels left

rFire    + . .     SeeInvis .   q - +0 war axe
rCold    + . .     Faith    .   r - +0 buckler
rNeg     . . .     Spirit   .   n - +0 leather armour
rPois    .         Reflect  .   (no helmet)
rElec    .         Harm     .   d - scarf {rC+ rF+}
rCorr    .         Rampage  .   (no gloves)
Will     +....     Rnd*Rage +   (no boots)
Stlth    ++........             (no amulet)
HPRegen  0.60/turn              l - +4 ring of evasion
MPRegen  0.14/turn              w - ring of willpower

@: no status effects
A: yellow scales 2, berserk 1, ignite blood 1, regeneration 1, strong 1
a: no special abilities


You were on level 1 of the Abyss.
You visited 1 branch of the dungeon, and saw 6 of its levels.
You visited the Abyss 1 time.

You collected 256 gold pieces.

Inventory:

Hand Weapons
 e - a +0 spear
 q - a +0 war axe (weapon)
Missiles
 f - 282 stones
 h - 10 poisoned darts
 k - 4 boomerangs
 s - 4 throwing nets {=f}
 t - 7 atropa-tipped darts
 v - 34 bolts
 Q - 52 arrows
Armour
 a - a +0 robe
 d - a scarf of resistance (worn)
 n - a +0 leather armour (worn)
 r - a +0 buckler (worn)
Jewellery
 l - a +4 ring of evasion (left hand)
 w - a ring of willpower (right hand)
 z - a +6 ring of strength
Wands
 B - a wand of polymorph (6)
Scrolls
 b - a scroll of noise {!r}
 c - 2 scrolls of remove curse
 i - 2 scrolls of enchant weapon {unknown}
 j - a scroll of enchant armour {unknown}
 o - 15 scrolls of identify {unknown}
 p - a scroll of magic mapping {!r}
 x - a scroll of teleportation {unknown}
 y - a scroll of amnesia {unknown}
 C - a scroll of fog {unknown}
 D - a scroll of immolation {unknown}
Potions
 g - a potion of haste
 m - 2 potions of brilliance {unknown}
 u - 2 potions of degeneration {unknown}
 A - a potion of might {unknown}
 E - a potion of curing {unknown}
 F - a potion of heal wounds {unknown}
 G - a potion of magic
 H - a potion of cancellation


   Skills:
 + Level 4.3 Fighting
 + Level 2.9 Axes
 - Level 1.7 Dodging
 - Level 1.7 Stealth
 - Level 0.8 Shields
 + Level 4.6 Spellcasting
 * Level 5.6 Conjurations
 - Level 4.1 Fire Magic


You had 15 spell levels left.
You knew the following spells:

 Your Spells              Type           Power        Failure   Level
a - Foxfire               Conj/Fire      80%          4%          1

Your spell library contained the following spells:

 Spells                   Type           Power        Failure   Level
 Conjure Flame            Conj/Fire      20%          12%         3
 Animate Skeleton         Necr           6%           30%         1
 Apportation              Tloc           6%           30%         1
 Corona                   Hex            3%           30%         1
 Summon Small Mammal      Summ           12%          30%         1
 Inner Flame              Hex/Fire       10%          36%         3
 Sticky Flame             Conj/Fire      20%          36%         4
 Call Imp                 Summ           3%           41%         2
 Call Canine Familiar     Summ           3%           65%         3
 Summon Guardian Golem    Hex/Summ       3%           65%         3
 Fireball                 Conj/Fire      10%          73%         5
 Summon Ice Beast         Ice/Summ       3%           96%         4
 Summon Lightning Spire   Summ/Air       3%           96%         4


Dungeon Overview and Level Annotations

Branches:
Dungeon (6/15)
 Temple: D:4-7

Altars:
Kikubaaqudgha
Nemelex Xobeh
Zin

Shops:
D:4 [   D:5 *

Annotations:
D:5 2 transporters, 1 runed translucent door, exclusions: killer bee and 3 more exclusions, Crazy Yiuf; louisi3's ghost, novice HOMo


Innate Abilities, Weirdness & Mutations

You are mostly covered in yellow scales. (AC +3)
Your demonic aura sometimes causes spilled blood to erupt in flames You tend to lose your temper in combat.
Your natural rate of healing is unusually fast.
Your muscles are strong. (Str +2)


Message History

You feel yourself slow down.
Found a gateway leading out of the Abyss.
Health restored: 61; MP restored: 14
Found a corrupted altar of Lugonu.
There is an open door here.
A chaos spawn comes into view.
A tentacled starspawn comes into view.
You hit the chaos spawn. The chaos spawn misses you.
You hit the chaos spawn. The chaos spawn barely misses you.
You slash the chaos spawn! The chaos spawn closely misses you.
The chaos spawn hits you!
You are engulfed in flames.
You resist.
You block the tentacled starspawn's attack.
The tentacled starspawn engulfs you!
You take 28 damage, and have 33/61 hp.
GAME OVER YEAH!!
You barely miss the chaos spawn.
You hit the tentacled starspawn but do no damage.
You block the chaos spawn's attack. The tentacled starspawn bites you!!!
Ouch! That really hurt!
You die...

... . ## ..# .# . .#
#§##..###.# ..#.###
#≈..#'..............
.
#..._.......#.'#....
#.#≈≈........#..... .
§...≈.4.###.#..#....#
#..≈..#@.....#.#.. #
#.§...X......#.'....
...≈....#####.#####.
.#....#.#.. .......#
..[≈#.#.'....... ...
..#≈..#'#............
. ......####.###.....
≈§.!...# .... .....
≈≈.# ..# ≈ #≈≈. .#.

Skill      XL: |  1  2  3  4  5  6  7 |
---------------+----------------------+-----
Fire Magic     | 3 4 |  4.1
Fighting       | 1 2 3 4 |  4.3
Spellcasting   | 3 4 |  4.6
Conjurations   | 2 3 5 |  5.6
Axes           | 1 2 |  2.9
Dodging        | |  1.7
Stealth        | |  1.7
Shields        | |  0.8

Notes
Turn   | Place    | Note
-------+----------+-------------------------------------------
     0 | D:1      | hehateme the Demonspawn Fire Elementalist began the quest
                  | for the Orb.
     0 | D:1      | Reached XP level 1. HP: 13/13 MP: 3/3
    92 | D:1      | Reached skill level 3 in Fire Magic
   131 | D:1      | Gained mutation: You are partially covered in yellow
                  | scales. (AC +2) [demonic ancestry]
   131 | D:1      | Reached XP level 2. HP: 14/20 MP: 0/5
   316 | D:1      | Reached skill level 1 in Fighting
   539 | D:1      | Reached XP level 3. HP: 26/26 MP: 3/6
  1600 | D:2      | Reached XP level 4. HP: 32/32 MP: 3/7
  1613 | D:2      | HP: 6/32 [gnoll/+0 halberd (4)]
  1624 | D:2      | HP: 3/32 [gnoll/stone (4)]
  2311 | D:2      | Reached skill level 4 in Fire Magic
  2319 | D:2      | Reached skill level 2 in Fighting
  2616 | D:2      | Found a glowing silver altar of Zin.
  2778 | D:2      | Found a sparkling altar of Nemelex Xobeh.
  2972 | D:3      | Reached XP level 5. HP: 38/38 MP: 4/9
  3782 | D:3      | Gained mutation: You tend to lose your temper in combat.
                  | [potion of mutation]
  3782 | D:3      | Gained mutation: Your muscles are strong. (Str +2) [potion
                  | of mutation]
  3782 | D:3      | Gained mutation: Your natural rate of healing is unusually
                  | fast. [potion of mutation]
  4465 | D:3      | Reached skill level 3 in Spellcasting
  4465 | D:3      | Reached skill level 2 in Conjurations
  4761 | D:4      | Reached XP level 6. HP: 44/46 MP: 1/10
  5355 | D:4      | Found Jybeid's Armour Boutique.
  5795 | D:5      | Entered Level 5 of the Dungeon
  5804 | D:5      | Noticed an ice beast
  5825 | D:4      | Killed an ice beast
  5826 | D:4      | Reached skill level 3 in Conjurations
  5986 | D:5      | Noticed a sky beast
  5999 | D:5      | Killed a sky beast
  6000 | D:5      | Reached skill level 3 in Fighting
  6000 | D:5      | Reached skill level 1 in Axes
  6147 | D:5      | Gained mutation: You are mostly covered in yellow scales.
                  | (AC +3) [demonic ancestry]
  6147 | D:5      | Reached XP level 7. HP: 50/52 MP: 7/12
  6407 | D:5      | Found a transporter.
  6423 | D:5      | Found a transporter.
  6424 | D:5      | Noticed louisi3's ghost (novice HOMo)
  6650 | D:5      | Found Guogud's General Store.
  6684 | D:5      | Reached skill level 4 in Conjurations
  6777 | D:5      | Found a runed translucent door.
  6778 | D:5      | Noticed Crazy Yiuf
  6895 | D:6      | Reached skill level 4 in Spellcasting
  6966 | D:6      | Reached skill level 2 in Axes
  7084 | D:6      | Found an ancient bone altar of Kikubaaqudgha.
  7473 | D:6      | Reached skill level 5 in Conjurations
  7476 | D:6      | Reached skill level 4 in Fighting
  7476 | D:6      | Gained mutation: Your demonic aura sometimes causes spilled
                  | blood to erupt in flames [demonic ancestry]
  7476 | D:6      | Reached XP level 8. HP: 60/60 MP: 8/14
  8390 | D:6      | Cast into level 1 of the Abyss (gnoll sergeant)
  8480 | Abyss:1  | Found a corrupted altar of Lugonu.
  8482 | Abyss:1  | Noticed a tentacled starspawn
  8488 | Abyss:1  | Slain by a tentacled starspawn

Table legend: (Time is in decaauts)
 A = Elapsed time spent in this place.
 B = Non-inter-level travel time spent in this place.
 C = Inter-level travel time spent in this place.
 D = Time resting spent in this place.
 E = Time spent auto-exploring this place.
 F = Levels seen in this place.
 G = Mean time per level.
                   A        B        C        D        E       F      G
               +--------+--------+--------+--------+--------+-----+--------+
         Total |   8492 |   8198 |    294 |   2056 |   4753 |   7 | 1213.1 |
       Dungeon |   8410 |   8116 |    294 |   2056 |   4679 |   6 | 1401.7 |
         Abyss |     82 |     82 |      0 |      0 |     73 |   1 |   82.0 |
               +--------+--------+--------+--------+--------+-----+--------+

Top non-repeatable levels by time:
     D:1: 1981 daAuts
     D:3: 1686 daAuts
     D:6: 1611 daAuts
     D:4: 1128 daAuts
     D:2: 1076 daAuts
     D:5: 927 daAuts
 Abyss:1: 82 daAuts

Table legend:
 A = Kills in this place as a percentage of kills in entire the game.
 B = Kills by you in this place as a percentage of kills by you in the entire game.
 C = Kills by friends in this place as a percentage of kills by friends in the entire game.
 D = Other kills in this place as a percentage of other kills in the entire game.
 E = Experience gained in this place as a percentage of experience gained in the entire game.
 F = Experience gained in this place divided by the number of levels of this place that you have seen.
                   A       B       C       D       E      F
               +-------+-------+-------+-------+-------+----------------------
         Total | 100.0 | 100.0 |   N/A |   N/A | 100.0 | 261.3
       Dungeon | 100.0 | 100.0 |   N/A |   N/A | 100.0 | 304.8
               +-------+-------+-------+-------+-------+----------------------

Action                   |  1- 3 |  4- 6 |  7- 9 || total
-------------------------+-------+-------+-------++-------
Melee: Spear             |     8 |    34 |       ||    42
       War axe           |       |       |    35 ||    35
 Cast: Foxfire           |    69 |   127 |   155 ||   351
  Use: Potion            |       |     5 |     1 ||     6
       Scroll            |       |       |     3 ||     3
 Stab: Distracted        |       |       |     1 ||     1
       Sleeping          |       |       |     1 ||     1
Armor: Robe              |    13 |       |       ||    13
       Leather armour    |     2 |    26 |    15 ||    43
Dodge: Dodged            |    23 |    46 |    70 ||   139
Block: Buckler           |       |    20 |    17 ||    37

Vanquished Creatures
  2 sky beasts (D:5)
  An ice beast (D:4)
  An ogre (D:6)
  A scorpion (D:3)
  A howler monkey (D:6)
  A jelly (D:6)
  A bullfrog zombie (D:5)
  2 hounds
  4 orc priests
  A gnoll shaman (D:6)
  2 worker ants (D:5)
  3 orc wizards
  22 gnolls
  8 adders
  A white imp (D:6)
  An ooze (D:1)
  2 worms
  3 dart slugs
  3 leopard geckos
  14 orcs
  2 ball pythons
  A giant cockroach (D:2)
  12 goblins
  7 hobgoblins
  15 jackals
  A quokka (D:3)
  9 bats
  6 frilled lizards
  9 kobolds
  11 rats
147 creatures vanquished.

Vanquished Creatures (collateral kills)
  A foxfire (D:6)
1 creature vanquished.

Vanquished Creatures (others)
  556 foxfires
  7 plants
563 creatures vanquished.

Grand Total: 711 creatures vanquished You could see a tentacled starspawn and a chaos spawn.

Levels and vault maps discovered:
D:1:      eino_arrival_water_star, layout_basic
D:2:      layout_rooms, zin_treasury, nemelex_altar_shiori
D:3:      layout_basic
D:4:      layout_basic, serial_forest, infiniplex_forest_clump_cross,
          infiniplex_forest_straight_4, infiniplex_forest_clump_double,
          infiniplex_forest_diagonal, infiniplex_forest_zigzag_1,
          infiniplex_forest_clump_double, infiniplex_forest_lined_3,
          serial_shops, nicolae_shop_stone
D:5:      layout_loops_corners, serial_shops, nicolae_shop_statue_plus,
          gammafunk_ghost_hive, uniq_crazy_yiuf_cottage
D:6:      lemuel_castle_with_subvaults [lemuel_castle_interior_carwin_1],
          layout_loops_ring, old_standard_altar
Abyss:1:  base: D:6, minivault_28
